 Dungeon Crawl Stone Soup version 5.6-49-g8abd877 (webtiles) character file.

4266 ryzol the Grappler (level 11, -4/98 HPs)
             Began as a Troll Fighter on Nov 8, 2018.
             Was an Elder of Wu Jian.
             Killed by divine providence
             ... invoked by a meliai
              (13 damage)
             ... on level 12 of the Dungeon on Nov 9, 2018.
             The game lasted 00:41:00 (9596 turns).

ryzol the Grappler (Troll Fighter)                  Turns: 9596, Time: 00:41:01

Health: -4/98      AC:  4 (0%)Str: 34   XL:     11   Next: 55%
Magic:  15/15      EV: 13    Int: 10    God:    Wu Jian [4*[104]]
Gold:   702        SH: 11    Dex: 14    Spells: 17/17 levels left

rFire    . . .     SeeInvis .     - Unarmed
rCold    . . .     Faith    .   b - +0 shield
rNeg     . . .     Spirit   .   t - +2 robe of the Hidden Lovers {*Contam rElec Int+6}
rPois    .         Reflect  .   (helmet restricted)
rElec    +                      m - +0 cloak
rCorr    .                      (gloves unavailable)
MR       .....                  (boots unavailable)
Stlth    ++........             (no amulet)
Regen    0.7/turn               w - +5 ring of dexterity
MPRegen  0.3/turn               C - +5 ring of strength

@: exhausted, drained
A: unfitting armour, claws 2, regeneration 1, tough skin
a: Wall Jump, Serpent's Lash, Renounce Religion


You were on level 12 of the Dungeon.
You worshipped Wu Jian.
Wu Jian was greatly pleased with you.
You were not hungry.

You visited 2 branches of the dungeon, and saw 13 of its levels.
You visited the bazaar 1 time.
You also visited: Bailey.

You collected 702 gold pieces.

Inventory:

Hand Weapons
 s - a +0 shortbow
 D - the +8 hand axe "Dragon's Tongue" {devast, rF++}
   (You found it on level 9 of the Dungeon)

   Attacks with this weapon are slower, but deal significantly more damage.
   It greatly protects you from fire.
Missiles
 e - 527 poisoned darts
 n - 663 tomahawks (quivered)
Armour
 a - a +0 robe
 b - a +0 shield (worn)
 m - a +0 cloak (worn)
 t - the +2 robe of the Hidden Lovers (worn) {*Contam rElec Int+6}
   (You found it on level 4 of the Dungeon)

   It affects your intelligence (+6).
   It insulates you from electricity.
   It causes magical contamination when unequipped.
Jewellery
 u - an uncursed ring of fire
 w - a +5 ring of dexterity (left claw)
 C - a +5 ring of strength (right claw)
 E - an uncursed ring of resist corrosion
Wands
 p - a wand of flame (16)
 y - a wand of lightning (4)
 A - a wand of slimification (11)
 H - a wand of iceblast (8)
Scrolls
 d - 5 scrolls of enchant armour
 g - 4 scrolls of amnesia
 h - 2 scrolls of fog
 i - 3 scrolls of immolation
 j - 4 scrolls of magic mapping
 k - 2 scrolls of teleportation
 l - a scroll of fear
 q - 3 scrolls of blinking
 B - a scroll of enchant weapon
Potions
 c - 3 potions of augmentation
 f - 4 potions of berserk rage
 o - 9 potions of mutation
 r - 4 potions of magic
 v - 2 potions of invisibility
 x - 4 potions of haste
 z - a potion of cancellation
 F - 2 potions of heal wounds
 G - 7 potions of ambrosia
 I - a potion of lignification
Miscellaneous
 J - a box of beasts


   Skills:
 + Level 3.9(3.6) Fighting
 + Level 3.7(3.4) Throwing
 + Level 7.1(6.8) Dodging
 + Level 2.6(2.3) Stealth
 + Level 6.7(6.4) Shields
 + Level 13.0(12.7) Unarmed Combat


You had 17 spell levels left.
You didn't know any spells.
Your spell library contained the following spells:

 Spells                   Type           Power        Failure   Level  Hunger
 Cause Fear               Hex            0 (200)      99%         4    N/A
 Haste                    Chrm           0 (200)      100%        9    N/A
 Bolt of Draining         Necr           0 (200)      100%        5    N/A
 Animate Dead             Necr           0 (200)      99%         4    N/A
 Control Undead           Necr           0 (200)      99%         4    N/A
 Dispel Undead            Necr           0 (100)      100%        5    N/A
 Recall                   Summ/Tloc      N/A          88%         3    N/A
 Agony                    Necr           0 (100)      100%        5    N/A
 Death Channel            Necr           0 (200)      100%        6    N/A
 Deflect Missiles         Chrm/Air       0 (200)      100%        6    N/A
 Silence                  Hex/Air        0 (200)      99%         4    N/A
 Excruciating Wounds      Chrm/Necr      0 (200)      100%        5    N/A
 Discord                  Hex            0 (200)      100%        8    N/A
 Cigotuvi's Embrace       Necr           0 (200)      100%        6    N/A
 Yara's Violent Unravell  Hex/Tmut       0 (200)      100%        5    N/A

Dungeon Overview and Level Annotations

Branches:
Dungeon (12/15)            Bazaar (1/1)

Altars:
Cheibriados
Dithmenos
Elyvilon
Gozag
Jiyva
Kikubaaqudgha
Lugonu
Makhleb
Nemelex Xobeh
Okawaru
Qazlal
Ru
Sif Muna
Trog
Uskayaw
Vehumet
Wu Jian
Xom
Yredelemnul
Zin
The Shining One

Shops:
Bazaar *}**?

Annotations:
D:9 1 exclusion


Innate Abilities, Weirdness & Mutations

You are too large for most types of armour.
You have very sharp fingernails.
Your natural rate of healing is unusually fast.
You have tough skin. (AC +3)


Message History

You feel drained (4).
* * * LOW HITPOINT WARNING * * *
A wight comes into view. It is wielding a +2 trident.
The skeletal warrior hits you with a +0 scimitar (27)!!
* * * LOW HITPOINT WARNING * * *
Swooosh!
You have no room to wall jump there; the skeletal warrior is in the way.
You have no room to wall jump there; the skeletal warrior is in the way.
You eviscerate the skeletal warrior (37)!!!
The skeletal warrior is heavily damaged.
SWOOSH!
Found 11 gold pieces.
A meliai comes into view.
It is wielding a +0 hand axe. 4 slime creatures and 2 meliai come into view.
The slime creature quivers. x3
The meliai buzzes angrily. x2
Found a book of Summonings.
Found a stone staircase leading down.
The meliai mumbles some strange prayers to its god against you.
Something smites you (13)!
You die...

............z....#
....>..#.#.#.#..##
.z....#####...#..#
...... ##..$..#
....P# #...#zz#
#.... #..##z.#
..... #...#z.#
..##JP#z##
P..J..J@.#
...J...y....#
P.J....y.....#
.:.##....Py.... .#
#..........
#...P......
>..........
.).#........


You could see 3 skeletal warriors, 5 slime creatures, 3 meliai and 2 wights.

Vanquished Creatures
  Erolcha (D:10)
  A hydra (D:11)
  A two-headed ogre (D:10)
  An orc high priest (D:11)
  An orc knight (Bailey)
  An ugly thing (D:11)
  An orc sorcerer (D:12)
  A spiny frog (D:9)
  A rime drake (D:9)
  Grinder (D:4)
  A shadow (D:8)
  4 wyverns
  7 yaks
  2 angry ghosts (D:11)
  A warg (D:11)
  Menkaure (D:6)
  Edmund (D:6)
  2 water moccasins
  6 orc warriors
  3 ice beasts
  5 ogres
  A centaur (D:6)
  A gnoll sergeant (D:6)
  3 bullfrogs
  A wyvern zombie (D:8)
  A wyvern skeleton (D:6)
  A scorpion (D:6)
  5 crimson imps
  A water moccasin skeleton (D:4)
  15 killer bees
  14 wights
  A quasit (D:7)
  4 jellies
  Crazy Yiuf (D:2)
  5 centaur skeletons
  2 gnoll shamans
  2 hounds
  9 orc wizards
  5 worker ants
  Natasha (thrice) (D:3)
  An iguana (D:8)
  2 hound skeletons (D:5)
  22 gnolls
  4 adders
  2 shadow imps (D:7)
  An ooze (D:7)
  4 dart slugs
  24 orcs
  8 quokkas
  3 giant cockroaches (D:2)
  10 goblins
  18 hobgoblins
  3 jackals (D:4)
  7 bats
  6 frilled lizards
  A jackal skeleton (D:4)
  13 kobolds
  5 rats
252 creatures vanquished.

Notes
Turn   | Place    | Note
-------+----------+-------------------------------------------
     0 | D:1      | ryzol the Troll Fighter began the quest for the Orb.
     0 | D:1      | Reached XP level 1. HP: 22/22 MP: 1/1
     0 | D:1      | Noticed a tentacled monstrosity
     0 | D:1      | Noticed an orb of fire
     0 | D:1      | Noticed an iron dragon
     3 | D:1      | Noticed a shadow dragon
     5 | D:1      | Noticed an iron dragon
     7 | D:1      | Noticed a tentacled monstrosity
    10 | D:1      | Noticed an orb of fire
    10 | D:1      | Noticed a shadow dragon
    12 | D:1      | Noticed a large abomination
    14 | D:1      | Noticed an orb of fire
    16 | D:1      | Noticed an acid robin
    16 | D:1      | Noticed a shadow dragon
    18 | D:1      | Noticed a large abomination
    20 | D:1      | Noticed an iron dragon
   231 | D:1      | Reached XP level 2. HP: 29/29 MP: 2/2
   887 | D:2      | Found a faded altar of an unknown god.
  1036 | D:2      | Reached XP level 3. HP: 36/36 MP: 3/3
  1262 | D:2      | Found a hide-covered altar of Uskayaw.
  1262 | D:2      | Found a sparkling altar of Nemelex Xobeh.
  1262 | D:2      | Found a white marble altar of Elyvilon.
  1481 | D:2      | Found a runed door.
  1485 | D:2      | Noticed Crazy Yiuf
  1491 | D:2      | Killed Crazy Yiuf
  1491 | D:2      | Reached XP level 4. HP: 44/44 MP: 4/4
  1799 | D:3      | Noticed Natasha
  1811 | D:3      | Killed Natasha
  1811 | D:3      | Reached skill level 3 in Unarmed Combat
  1883 | D:3      | Reached XP level 5. HP: 52/52 MP: 5/5
  2043 | D:3      | Found a shadowy altar of Dithmenos.
  2056 | D:3      | Found a corrupted altar of Lugonu.
  2088 | D:3      | Noticed Natasha
  2099 | D:3      | Killed Natasha
  2099 | D:3      | Reached skill level 1 in Throwing
  2165 | D:3      | Noticed Natasha
  2175 | D:3      | Killed Natasha
  2474 | D:4      | Got the +2 robe of the Hidden Lovers {*Contam rElec Int+6}
  2611 | D:4      | Reached XP level 6. HP: 16/59 MP: 8/8
  2882 | D:4      | Reached skill level 4 in Unarmed Combat
  2893 | D:4      | Found a shadowy altar of Dithmenos.
  2968 | D:4      | Found a deep blue altar of Sif Muna.
  2968 | D:4      | Found a glowing golden altar of the Shining One.
  2968 | D:4      | Found a glowing silver altar of Zin.
  2968 | D:4      | Found a bloodstained altar of Trog.
  2968 | D:4      | Found an iron altar of Okawaru.
  2968 | D:4      | Found a stormy altar of Qazlal.
  2968 | D:4      | Found a snail-covered altar of Cheibriados.
  2968 | D:4      | Found a burning altar of Makhleb.
  2968 | D:4      | Noticed Grinder
  2971 | D:4      | Paralysed by Grinder for 4 turns
  2978 | D:4      | Killed Grinder
  2978 | D:4      | Reached skill level 5 in Unarmed Combat
  2978 | D:4      | Reached XP level 7. HP: 49/66 MP: 9/9
  3222 | D:5      | Entered Level 5 of the Dungeon
  3226 | D:5      | Found a basalt altar of Yredelemnul.
  3228 | D:5      | Found an ancient bone altar of Kikubaaqudgha.
  3229 | D:5      | Found an opulent altar of Gozag.
  3229 | D:5      | Found a viscous altar of Jiyva.
  3230 | D:5      | Found a radiant altar of Vehumet.
  3231 | D:5      | Found an ornate altar of the Wu Jian Council.
  3231 | D:5      | Found a sacrificial altar of Ru.
  3232 | D:5      | Found a shimmering altar of Xom.
  3247 | D:5      | Became a worshipper of the Wu Jian Council
  3677 | D:5      | Reached skill level 6 in Unarmed Combat
  3986 | D:6      | Noticed Edmund
  4016 | D:6      | Reached XP level 8. HP: 55/74 MP: 10/10
  4041 | D:6      | Killed Edmund
  4050 | D:6      | Reached skill level 7 in Unarmed Combat
  4527 | D:6      | Noticed Menkaure
  4607 | D:6      | Reached * piety under Wu Jian
  4733 | D:6      | Killed Menkaure
  4921 | D:6      | Reached skill level 5 in Dodging
  4934 | D:6      | Reached skill level 8 in Unarmed Combat
  4982 | D:6      | Reached skill level 5 in Shields
  5382 | D:7      | Reached XP level 9. HP: 74/83 MP: 12/12
  5811 | D:7      | Reached skill level 1 in Stealth
  5811 | D:7      | Reached skill level 9 in Unarmed Combat
  6225 | D:7      | HP: 6/124 [poisoned by a killer bee]
  6230 | D:7      | HP: 6/124 [poisoned by a killer bee]
  6481 | D:8      | Reached ** piety under Wu Jian
  6898 | D:8      | Reached skill level 10 in Unarmed Combat
  7009 | D:8      | Reached XP level 10. HP: 90/91 MP: 13/13
  7141 | D:9      | Noticed a spiny frog
  7145 | D:9      | Killed a spiny frog
  7529 | D:9      | Reached skill level 11 in Unarmed Combat
  7664 | D:9      | Got the +8 hand axe "Dragon's Tongue" {devast, rF++}
  8002 | D:10     | Entered Level 10 of the Dungeon
  8049 | D:10     | Found a flagged portal.
  8059 | Bailey   | Entered a bailey
  8096 | Bailey   | Reached *** piety under Wu Jian
  8217 | Bailey   | Noticed an orc knight
  8224 | Bailey   | Killed an orc knight
  8633 | D:10     | Noticed a two-headed ogre
  8647 | D:10     | Killed a two-headed ogre
  8647 | D:10     | Gained mutation: You have very sharp fingernails. [Troll growth]
  8647 | D:10     | Reached XP level 11. HP: 98/98 MP: 15/15
  8694 | D:10     | Noticed Erolcha
  8702 | D:10     | Killed Erolcha
  8702 | D:10     | Reached skill level 12 in Unarmed Combat
  8885 | D:11     | Noticed an orc high priest
  8904 | D:11     | Noticed a sun demon
  8908 | D:11     | Killed an orc high priest
  8919 | D:11     | Reached **** piety under Wu Jian
  9096 | D:11     | Found a gateway to a bazaar.
  9122 | D:11     | Noticed a purple ugly thing
  9128 | D:11     | Killed a purple ugly thing
  9149 | D:11     | Noticed a six-headed hydra
  9168 | D:11     | Killed a six-headed hydra
  9525 | Bazaar   | Entered a bazaar
  9525 | Bazaar   | Found Lirisa's General Store.
  9525 | Bazaar   | Found Luorar's General Store.
  9525 | Bazaar   | Found Loddebup's Magic Scroll Boutique.
  9525 | Bazaar   | Found Meicrydgh's Gadget Boutique.
  9563 | D:12     | Noticed a green ugly thing
  9563 | D:12     | Noticed an orc high priest
  9564 | D:12     | Noticed an orc sorcerer
  9567 | D:12     | Found a bloodstained altar of Trog.
  9574 | D:12     | Noticed a skeletal warrior
  9575 | D:12     | Noticed a skeletal warrior
  9575 | D:12     | Noticed a skeletal warrior
  9575 | D:12     | Noticed a skeletal warrior
  9578 | D:12     | Noticed an orc sorcerer
  9583 | D:12     | Killed an orc sorcerer
  9583 | D:12     | Reached skill level 13 in Unarmed Combat
  9585 | D:12     | HP: 2/98 [skeletal warrior/+0 scimitar (27)]
  9596 | D:12     | Killed from afar by a meliai

Skill      XL: |  1  2  3  4  5  6  7  8  9 10 11 |
---------------+----------------------------------+-----
Dodging        | 3 4 5 6 7 |  7.1
Shields        | 3 4 5 6 |  6.7
Unarmed Combat | 3 5 6 8 10 11 13 | 13.0
Throwing       | 1 2 3 |  3.7
Fighting       | 3 |  3.9
Stealth        | 1 2 |  2.6

Action                   |  1- 3 |  4- 6 |  7- 9 | 10-12 || total
-------------------------+-------+-------+-------+-------++-------
Melee: Unarmed           |   156 |   164 |   342 |   229 ||   891
Throw: Poisoned dart     |     1 |    10 |    15 |     4 ||    30
       Tomahawk          |       |       |       |    22 ||    22
Invok: Lunge             |       |       |    22 |    28 ||    50
       Whirlwind         |       |       |     4 |     8 ||    12
       Wall Jump         |       |       |       |     7 ||     7
       Serpent's Lash    |       |       |       |     2 ||     2
  Use: Potion            |       |       |     2 |       ||     2
       Scroll            |       |       |       |     3 ||     3
 Stab: Sleeping          |       |       |     4 |     4 ||     8
       Distracted        |       |       |       |     1 ||     1
Armor: Robe              |    48 |    42 |    57 |    19 ||   166
Dodge: Dodged            |    41 |    45 |    90 |    92 ||   268
Block: Shield            |    44 |    71 |   129 |    96 ||   340
